[Event "*** Titled Tuesday Blitz"]
[Site "Chess.com"]
[Date "2020.05.26"]
[Round "4"]
[White "verdest"]
[Black "RobPeresian"]
[Result "1-0"]
[WhiteElo "2525"]
[BlackElo "2312"]
[TimeControl "180+1"]
[EndTime "10:38:17 PDT"]
[Termination "verdest won by resignation"]

1. d4 d5 2. c4 c6 3. Nf3 Nf6 4. e3 Bf5 5. Nc3 e6 6. Nh4 Bg6 7. Qb3 Qc7 8. Nxg6 hxg6 9. g3 Nbd7 10. Bd2 Bd6 11. Bg2 dxc4 12. Qxc4 e5 13. O-O exd4 14. exd4 O-O 15. Rac1 Nb6 16. Qb3 Qd7 17. Rfd1 Be7 18. Bg5 Rfd8 19. Bxf6 Bxf6 20. d5 Nxd5 21. Nxd5 cxd5 22.
Bxd5 Qe7 23. Re1 Qd7 24. Rcd1 Qc7 25. Qxb7 Qxb7 26. Bxb7 Rxd1 27. Rxd1 Rb8 28. Rd7 Bxb2 29. Bd5 a5 30. Rxf7 Kh7 31. Kg2 Bd4 32. h4 Rb2 33. a4 Rd2 34. Be4 Kh6 35. Rf8 Kh7 36.
h5 Bf6 37. hxg6+ Kh6 38. Kf3 Ra2 39. Kg4 1-0

[Event "*** Titled Tuesday Blitz"]
[Site "Chess.com"]
[Date "2020.05.26"]
[Round "4"]
[White "kingmonkey2006"]
[Black "DishonorOnYourCow"]
[Result "1-0"]
[WhiteElo "2573"]
[BlackElo "2310"]
[TimeControl "180+1"]
[EndTime "10:38:17 PDT"]
[Termination "kingmonkey2006 won on time"]

1. b3 Nf6 2. Bb2 g6 3. e4 d6 4. Nf3 Bg7 5. d3 c5 6. Nbd2 Nc6 7. g3 O-O 8. Bg2 a6 9. O-O b5 10. e5 Nd7 11. d4 Bb7 12. e6 fxe6 13. Ng5 cxd4 14.
Nxe6 Qc8 15. Nxf8 Qxf8 16. Qg4 Nc5 17. b4 Nxb4 18. Bxb7 Nxb7 19. Bxd4 Nxc2 20. Bxg7 Qxg7 21. Rac1 Nd4 22. Qe4 Rb8 23. Rc7 Nc5 24. Qd5+ Kh8 25. Re1 Re8 26. Rexe7 Rxe7 27. Qa8+ Qg8 28. Qxg8+ Kxg8 29. Rxe7 Na4 30. Ne4 Ne2+ 31. Kg2 Nec3 32. a3 Nb1 33. Ra7 Nxa3 34. Rxa6 Nc2 35. Rc6 1-0

[Event "*** Titled Tuesday Blitz"]
[Site "Chess.com"]
[Date "2020.05.26"]
[Round "4"]
[White "KingChess345"]
[Black "HunterBRR"]
[Result "0-1"]
[WhiteElo "2183"]
[BlackElo "1960"]
[TimeControl "180+1"]
[EndTime "10:38:17 PDT"]
[Termination "HunterBRR won on time"]

1. d4 Nf6 2. Nf3 g6 3. g3 Bg7 4. Bg2 O-O 5. O-O d6 6. c4 Nc6 7. Nc3 Bf5 8. b3 e5 9. Bb2 e4 10. Nd2 e3 11. fxe3 Re8 12. e4 Bd7 13. e3 Ng4 14. Qf3 Nxe3 15. Nd5 Nxf1 16. Rxf1 Be6 17. Qf2 a5 18. Nf4 Bd7 19. h4 a4 20. h5 axb3 21. axb3 Ra2 22. Nf3 g5 23. h6 gxf4 24. hxg7 fxg3 25. Qd2 Rxe4 26. Ng5 Rxb2 27. Qxb2 Qxg5 28. Bxe4 Qe3+ 0-1

[Event "*** Titled Tuesday Blitz"]
[Site "Chess.com"]
[Date "2020.05.26"]
[Round "4"]
[White "RU_B9"]
[Black "cukin84"]
[Result "0-1"]
[WhiteElo "1836"]
[BlackElo "2172"]
[TimeControl "180+1"]
[EndTime "10:38:17 PDT"]
[Termination "cukin84 won on time"]

1. c4 f5 2. Nf3 Nf6 3. Nc3 g6 4. d3 Bg7 5. e4 d6 6. Be2 O-O 7. h4 e5 8. exf5 gxf5 9. Bg5 Qe8 10. Qd2 Be6 11. O-O-O Nbd7 12. Bxf6 Nxf6 13. Ng5 Kh8 14. Kb1 Bg8 15. h5 h6 16. g4 Nxg4 17. Bxg4 fxg4 18. Nge4 Bh7 19. Rdg1 Bf5 20. Nd5 Qf7 21.
Rg2 c6 22. Ne3 Bxe4 23. dxe4 Qf4 24. Rxg4 Qxf2 25. Qxf2 Rxf2 26. Rhg1 Bf6 27. Nf5 Bg5 28. Nxd6 Rd8 29. Rd1 Kh7 30. a3 Bd2 31. c5 Be3 32.
Rg6 Bd4 0-1

[Event "*** Titled Tuesday Blitz"]
[Site "Chess.com"]
[Date "2020.05.26"]
[Round "4"]
[White "czasnaszachy"]
[Black "latixxa"]
[Result "0-1"]
[WhiteElo "2358"]
[BlackElo "2129"]
[TimeControl "180+1"]
[EndTime "10:38:18 PDT"]
[Termination "latixxa won on time"]

1. d4 Nf6 2. c4 c5 3. d5 g6 4. Nc3 Bg7 5. e4 d6 6. f3 O-O 7.
Bg5 e6 8. Qd2 a6 9. a4 Qc7 10.
Nge2 Nbd7 11. dxe6 fxe6 12. Bf4 e5 13. Bh6 Nb6 14. Nd5 Nfxd5 15. cxd5 Nc4 16. Qc2 Bxh6 17. Qxc4 Bd7 18. Nc3 b5 19. Qb3 c4 20. Qc2 b4 21. Nd1 Rac8 22. Be2 a5 23. O-O Bf4 24. g3 Bh6 25. Kg2 Qb6 26. Bxc4 Qd4 27. b3 Qxa1 28. Nb2 Qa2 29. Rf2 Be3 30. Re2 Bd4 31. Qc1 Rxc4 32. bxc4 Bxa4 0-1

[Event "*** Titled Tuesday Blitz"]
[Site "Chess.com"]
[Date "2020.05.26"]
[Round "4"]
[White "IriBu"]
[Black "Kate1606"]
[Result "1-0"]
[WhiteElo "2543"]
[BlackElo "1525"]
[TimeControl "180+1"]
[EndTime "10:38:18 PDT"]
[Termination "IriBu won by resignation"]

1. e4 c5 2. Be2 g6 3. f4 Bg7 4.
Nf3 Nc6 5. c3 e6 6. O-O Nge7 7.
d4 cxd4 8. cxd4 d5 9. e5 O-O 10. Be3 Nf5 11. Bf2 Qb6 12. Qd2 Bd7 13. Nc3 Rac8 14.
g4 Nfe7 15. Kg2 Na5 16. b3 Nac6 17. Bh4 Rfe8 18. Bf6 Kh8 19. Na4 Qb4 20. Qe3 b6 21. a3 Qa5 22. Rfc1 Bxf6 23. exf6 Ng8 24. g5 Nb8 25. Nc3 b5 26. Ne5 Rf8 27. b4 Qb6 28. h4 Qb7 29. h5 Nc6 30. hxg6 fxg6 31. Rh1 Nxe5 32. fxe5 Rf7 33. Rh3 Qc7 34. Qd3 Qxc3 35.
Qxc3 Rxc3 36. Rxc3 h6 37. Rh1 h5 38. Rch3 Rh7 39. Rh4 a6 40. Bd3 Bc6 41. Bxg6 Rc7 42. Rxh5+ 1-0

[Event "*** Titled Tuesday Blitz"]
[Site "Chess.com"]
[Date "2020.05.26"]
[Round "4"]
[White "axvesik"]
[Black "rpragchess"]
[Result "0-1"]
[WhiteElo "2541"]
[BlackElo "2836"]
[TimeControl "180+1"]
[EndTime "10:38:19 PDT"]
[Termination "rpragchess won by resignation"]

1. e4 c5 2. Nf3 e6 3. d4 cxd4 4. Nxd4 a6 5. Nc3 Qc7 6. Bd3 Nf6 7. O-O Bc5 8. Nb3 Be7 9. Qe2 d6 10. f4 Nbd7 11. Bd2 b5 12. Rae1 Bb7 13. e5 dxe5 14.
fxe5 Nd5 15. Qg4 g6 16. Bh6 Nxe5 17. Qg3 Nxc3 18. bxc3 Bd6 19. Bf4 f6 20. Nd4 Bd5 21.
Bxg6+ hxg6 22. Bxe5 Bxe5 23. Qxg6+ Kd7 24. Nf3 Bxf3 25.
Rxf3 Rag8 26. Qd3+ Kc8 27. h3 Qc4 28. Qe3 Qc6 29. Kh1 Rg7 30. Rd1 Rhg8 0-1

[Event "*** Titled Tuesday Blitz"]
[Site "Chess.com"]
[Date "2020.05.26"]
[Round "4"]
[White "AlanZhang"]
[Black "korbul"]
[Result "0-1"]
[WhiteElo "2248"]
[BlackElo "2579"]
[TimeControl "180+1"]
[EndTime "10:38:19 PDT"]
[Termination "korbul won on time"]

1. e4 c5 2. Nf3 e6 3. d4 cxd4 4. Nxd4 Nf6 5. Bd3 Nc6 6. Nb3 a6 7. a4 b6 8. Nc3 Bb7 9. O-O Qc7 10. Bd2 d6 11. Qe2 Be7 12. Kh1 O-O 13. f4 g6 14.
Rae1 Rfe8 15. e5 Nh5 16. exd6 Bxd6 17. Qf2 Nb4 18. Be3 Nxd3 19. cxd3 Rab8 20. Bxb6 Bxg2+ 21. Qxg2 Qxb6 22. f5 exf5 23. Rxe8+ Rxe8 24. Nc1 Qd4 25. Qd5 Qxd5+ 26. Nxd5 Bc5 27. Nb3 Ba7 28. a5 Rd8 0-1

[Event "*** Titled Tuesday Blitz"]
[Site "Chess.com"]
[Date "2020.05.26"]
[Round "4"]
[White "MomchilPetkov"]
[Black "Nathan_Filgueiras"]
[Result "1-0"]
[WhiteElo "2535"]
[BlackElo "2321"]
[TimeControl "180+1"]
[EndTime "10:38:19 PDT"]
[Termination "MomchilPetkov won by resignation"]

1. e4 c5 2. Nf3 Nc6 3. d4 cxd4 4. Nxd4 e5 5. Nb5 d6 6. c4 Be7 7. N1c3 a6 8. Na3 Be6 9. Be2 Bg5 10. O-O Bxc1 11. Rxc1 Nf6 12. Nc2 O-O 13. Qd2 Rc8 14.
Rfd1 Ne8 15. Nd5 f5 16. exf5 Bxf5 17. Bd3 e4 18. Bf1 Ne5 19. Nd4 Bd7 20. Re1 Ng4 21.
f3 exf3 22. Ne7+ Kh8 23. gxf3 Ne5 24. Nxc8 Bxc8 25. Kh1 Nf6 26. f4 Ng6 27. Ne6 Bxe6 28. Rxe6 Nh5 29. Qxd6 Qh4 30. Rxg6 Rd8 31. Rg4 Qxh2+ 32.
Kxh2 1-0

[Event "*** Titled Tuesday Blitz"]
[Site "Chess.com"]
[Date "2020.05.26"]
[Round "4"]
[White "tamarozi99"]
[Black "dennisodessa"]
[Result "0-1"]
[WhiteElo "2002"]
[BlackElo "2231"]
[TimeControl "180+1"]
[EndTime "10:38:19 PDT"]
[Termination "dennisodessa won on time"]

1. e4 e6 2. d4 d5 3. Nc3 Nc6 4.
e5 f6 5. exf6 Nxf6 6. Bb5 Bd6 7.
Nf3 O-O 8. O-O a6 9. Bxc6 bxc6 10. Re1 c5 11. Ne2 cxd4 12. Nexd4 Re8 13. Nc6 Qd7 14.
Nce5 Qb5 15. c3 c5 16. a4 Qb6 17. Qc2 Rb8 18. Ng5 Rb7 19. h4 h6 20. Nh3 Ne4 21.
f3 Bxe5 22. fxe4 d4 23. Bf4 Bxf4 24. Nxf4 Qxb2 25. Qxb2 Rxb2 26. cxd4 cxd4 27. Rad1 e5 28. Nd5 Bd7 29. Rc1 Bxa4 30. Rc7 d3 31. Rf1 d2 32.
Rff7 d1=Q+ 33. Kh2 Qg4 34. Rxg7+ Qxg7 0-1

[Event "*** Titled Tuesday Blitz"]
[Site "Chess.com"]
[Date "2020.05.26"]
[Round "4"]
[White "zajka-molotok"]
[Black "Unknown_IM"]
[Result "1-0"]
[WhiteElo "2364"]
[BlackElo "2524"]
[TimeControl "180+1"]
[EndTime "10:38:20 PDT"]
[Termination "zajka-molotok won by resignation"]

1. d4 d5 2. c4 c6 3. cxd5 cxd5 4. Nc3 Nc6 5. e4 dxe4 6. d5 Ne5 7. Qa4+ Bd7 8. Qxe4 Ng6 9. Bc4 Nf6 10. Qe2 Rc8 11. Nf3 Qc7 12. Bb3 Nf4 13. Bxf4 Qxf4 14. O-O g6 15. Rfe1 Qd6 16. Ne5 Bg7 17. Nxd7 Nxd7 18. Nb5 Qf6 19. d6 O-O 20. dxe7 Rfe8 21. Rad1 Ne5 22. Nd6 Qxe7 23. Bxf7+ Nxf7 24. Qxe7 Rxe7 25. Nxc8 Rxe1+ 26. Rxe1 Bxb2 27. Nxa7 Bf6 28. Rb1 Nd6 29.
Rb6 Be5 30. Nb5 Nc4 31. Rxb7 h5 32. a4 Kf8 33. Ra7 Ke8 34. g3 Kd8 35. Kg2 Kc8 36. Ra6 g5 37. Rc6+ 1-0

[Event "*** Titled Tuesday Blitz"]
[Site "Chess.com"]
[Date "2020.05.26"]
[Round "4"]
[White "Sadykov_Ramil"]
[Black "Fortitudine"]
[Result "1-0"]
[WhiteElo "2490"]
[BlackElo "2302"]
[TimeControl "180+1"]
[EndTime "10:38:20 PDT"]
[Termination "Sadykov_Ramil won by resignation"]

1. e4 c5 2. Nf3 d6 3. d4 cxd4 4.
Nxd4 Nf6 5. Nc3 Nc6 6. Bc4 Qb6 7. Nb3 Bg4 8. f3 Bd7 9. Qe2 e6 10. Be3 Qc7 11. O-O-O a6 12. f4 Be7 13. g4 h6 14.
h4 Rc8 15. g5 Ng8 16. g6 Nb4 17. gxf7+ Kxf7 18. Bd3 Nf6 19. Rhg1 h5 20. e5 Nxd3+ 21. Qxd3 Ng4 22. exd6 Bxd6 23. Qxd6 Nxe3 24. Qxd7+ Qxd7 25. Rxd7+ Kf6 26. Ne4+ Kf5 27. Nd6+ Kxf4 28. Rf7+ 1-0

[Event "*** Titled Tuesday Blitz"]
[Site "Chess.com"]
[Date "2020.05.26"]
[Round "4"]
[White "Bastiandash"]
[Black "Spring199"]
[Result "0-1"]
[WhiteElo "2121"]
[BlackElo "2309"]
[TimeControl "180+1"]
[EndTime "10:38:20 PDT"]
[Termination "Spring199 won on time"]

1. d4 d5 2. Nf3 Nf6 3. Bg5 e6 4. e3 Be7 5. Bd3 O-O 6. O-O Nbd7 7. c3 c5 8. Ne5 h6 9. Bh4 Nxe5 10. dxe5 Nd7 11.
Bxe7 Qxe7 12. f4 b6 13. Nd2 Bb7 14. Qe2 Rfd8 15. Rae1 Nf8 16. e4 d4 17. f5 dxc3 18. bxc3 Qd7 19. Rf3 exf5 20. Ref1 Ng6 21. Nc4 f4 22.
Nd6 Nxe5 23. Nxb7 Nxf3+ 24. Rxf3 Qxb7 25. Rxf4 Qd7 26. Rf3 Qa4 27. h3 Rd6 28. e5 Re8 29. Re3 Rdd8 30. Bb5 Qd1+ 0-1

[Event "*** Titled Tuesday Blitz"]
[Site "Chess.com"]
[Date "2020.05.26"]
[Round "4"]
[White "chesstatour"]
[Black "Chessalary"]
[Result "0-1"]
[WhiteElo "1912"]
[BlackElo "2187"]
[TimeControl "180+1"]
[EndTime "10:38:20 PDT"]
[Termination "Chessalary won on time"]

1. c4 Nf6 2. Nc3 d6 3. d4 g6 4. g3 Bg7 5. Bg2 O-O 6. Nf3 Nbd7 7. O-O e5 8. d5 a5 9. e4 Nc5 10. Qe2 h6 11. Rb1 Ncxe4 12. Nxe4 Nxe4 13. Nxe5 Nxg3 14. fxg3 dxe5 15. Be3 f5 16. Qd2 Kh7 17. Rbd1 e4 18.
c5 Bd7 19. Rfe1 Bb5 20. Bf1 Bxf1 21. Rxf1 Qf6 22. b3 Rad8 23. Bd4 Rxd5 24. Bxf6 Rxd2 25. Rxd2 Rxf6 26. Rd7 Rc6 27. g4 Rxc5 28. gxf5 gxf5 29. Kf2 f4 30. Rg1 Rc2+ 31. Kf1 Rc1+ 32. Kf2 Rxg1 33. Kxg1 Kg6 34. Rxc7 f3 35. Rxb7 Bd4+ 36. Kf1 e3 37. Re7 Kf5 0-1

[Event "*** Titled Tuesday Blitz"]
[Site "Chess.com"]
[Date "2020.05.26"]
[Round "4"]
[White "BillieKimbah"]
[Black "2L8IWUN"]
[Result "1-0"]
[WhiteElo "2852"]
[BlackElo "2543"]
[TimeControl "180+1"]
[EndTime "10:38:21 PDT"]
[Termination "BillieKimbah won on time"]

1. d4 Nf6 2. Nf3 e6 3. Bg5 d5 4. e3 Be7 5. c4 Nbd7 6. Nc3 h6 7. Bf4 O-O 8. g4 Ne4 9. Nxe4 dxe4 10. Nd2 f5 11. Bg2 Bd6 12. Bg3 Nf6 13. gxf5 exf5 14. Qc2 c6 15. O-O-O Be6 16. Kb1 a5 17. f3 exf3 18.
Nxf3 Ne4 19. Bxd6 Qxd6 20. Ne5 Nf6 21. Rhg1 c5 22. Bxb7 Rab8 23. Qg2 Ng4 24. Bd5 Bxd5 25. cxd5 Rb7 26. Nxg4 fxg4 27. Qxg4 Qxd5 28. Rd2 Rfb8 29. Ka1 cxd4 30. exd4 a4 31. a3 Re8 32. Rc2 Rbe7 33.
Rc8 Rxc8 34. Qxc8+ Kh7 35. Qc2+ Qe4 36. Qxa4 Rf7 37.
Qc4 Rf2 38. Qc7 1-0

[Event "*** Titled Tuesday Blitz"]
[Site "Chess.com"]
[Date "2020.05.26"]
[Round "4"]
[White "DariaVoit"]
[Black "Rikikits"]
[Result "1-0"]
[WhiteElo "2496"]
[BlackElo "2624"]
[TimeControl "180+1"]
[EndTime "10:38:22 PDT"]
[Termination "DariaVoit won on time"]

1. d4 Nc6 2. c4 e5 3. Nf3 exd4 4. Nxd4 Nf6 5. Nc3 Bb4 6. Nxc6 bxc6 7. Qd3 O-O 8. Bd2 Ba6 9. a3 Be7 10. e4 Rb8 11.
O-O-O Rb3 12. e5 Ne8 13. Qc2 Qb8 14. Bd3 d5 15. Bxh7+ Kh8 16. cxd5 Rxa3 17. dxc6 Ra1+ 18. Nb1 g6 19. h4 Ng7 20. h5 Kxh7 21. hxg6+ Kg8 22.
gxf7+ Kxf7 23. e6+ Kxe6 24. Qg6+ Bf6 25. Rhe1+ Kd6 26.
Bc3+ Kc5 27. Bxf6 Qb3 28. Bxg7 Rxf2 29. Bd4+ Kb4 30. Bxf2 Qc4+ 31. Qc2 1-0

[Event "*** Titled Tuesday Blitz"]
[Site "Chess.com"]
[Date "2020.05.26"]
[Round "4"]
[White "sergeikim"]
[Black "AGW2016"]
[Result "1-0"]
[WhiteElo "2412"]
[BlackElo "2212"]
[TimeControl "180+1"]
[EndTime "10:38:23 PDT"]
[Termination "sergeikim won by resignation"]

1. d4 Nf6 2. c4 g6 3. Nc3 Bg7 4. e4 d6 5. Nge2 O-O 6. Ng3 e5 7. d5 Ne8 8. Bd3 f5 9. exf5 gxf5 10. Nh5 Nd7 11. f4 e4 12. Bc2 Ndf6 13. Nxg7 Nxg7 14. Be3 Bd7 15. Qd2 Ng4 16. Bd4 e3 17. Qe2 Nh5 18. g3 Qe7 19. O-O-O c5 20. dxc6 bxc6 21. c5 dxc5 22. Qc4+ Be6 23. Qxc5 Qxc5 24. Bxc5 Rfd8 25. Rde1 Nf2 26. Rhf1 Bc4 27. Rg1 Nh3 28. Rg2 e2 29. b3 Ba6 30. Bxf5 Nf6 31. Bxh3 Nd5 32. Nxd5 Rxd5 33.
Be6+ Kg7 34. Bxd5 cxd5 35. Rgxe2 Bxe2 36. Rxe2 Rc8 37. b4 a5 38. a3 axb4 39. axb4 Kg6 40. Re5 d4 41. Kd2 Ra8 42. Kd3 Ra2 43. h4 Rg2 44. Rg5+ Kf6 45. Bxd4+ Ke6 46. b5 Rb2 1-0

[Event "*** Titled Tuesday Blitz"]
[Site "Chess.com"]
[Date "2020.05.26"]
[Round "4"]
[White "grzechu96"]
[Black "VincentKeymer"]
[Result "0-1"]
[WhiteElo "2617"]
[BlackElo "2829"]
[TimeControl "180+1"]
[EndTime "10:38:24 PDT"]
[Termination "VincentKeymer won on time"]

1. e4 e6 2. d4 d5 3. Nc3 Nf6 4. Bg5 Bb4 5. e5 h6 6. Bd2 Bxc3 7. bxc3 Ne4 8. Qg4 Kf8 9. Bd3 Nxd2 10. Kxd2 c5 11. Nf3 cxd4 12. Qxd4 Nc6 13. Qf4 Bd7 14. Rab1 b6 15. h4 Rc8 16. g4 Qc7 17. h5 Na5 18.
Qd4 Qc5 19. Rhg1 f6 20. Nh4 Kf7 21. f4 Rc7 22. g5 hxg5 23. fxg5 f5 24. h6 gxh6 25. g6+ Kg7 26. Ng2 Nc6 27. Qxc5 bxc5 28. Rbe1 c4 29. Bf1 h5 30. Nf4 h4 0-1

[Event "*** Titled Tuesday Blitz"]
[Site "Chess.com"]
[Date "2020.05.26"]
[Round "4"]
[White "White_Ghost"]
[Black "Spartakus1975"]
[Result "0-1"]
[WhiteElo "2485"]
[BlackElo "2687"]
[TimeControl "180+1"]
[EndTime "10:38:25 PDT"]
[Termination "Spartakus1975 won on time"]

1. d4 d5 2. c4 c6 3. cxd5 cxd5 4. Bf4 Nc6 5. e3 Bf5 6. Nc3 e6 7. Qb3 Qd7 8. Nf3 f6 9. Bb5 g5 10. Bg3 h5 11. h4 g4 12. Nd2 Nge7 13. Na4 b6 14. Rc1 Rc8 15. O-O Kf7 16. Ba6 Rd8 17. a3 Na5 18. Qd1 Bg6 19. Rc7 Qe8 20. Rxa7 Kg8 21.
Nxb6 Nf5 22. Bc7 Nxh4 23. Bxd8 Qxd8 24. Na4 Qb8 25. Rd7 Be8 26. b4 Bxd7 27. bxa5 Rh7 28. Nb6 Rg7 29. e4 dxe4 30. Nxe4 Bc6 31. Nxf6+ Kh8 32.
Qd2 Nf3+ 33. gxf3 gxf3+ 34. Kh1 Rg2 35. Ng4 hxg4 0-1

[Event "*** Titled Tuesday Blitz"]
[Site "Chess.com"]
[Date "2020.05.26"]
[Round "4"]
[White "lili_ani"]
[Black "ChristopherYoo"]
[Result "0-1"]
[WhiteElo "2552"]
[BlackElo "2884"]
[TimeControl "180+1"]
[EndTime "10:38:26 PDT"]
[Termination "ChristopherYoo won by checkmate"]

1. e4 c5 2. Nf3 e6 3. c3 d5 4.
exd5 Qxd5 5. d4 Nf6 6. Na3 Be7 7.
Be3 O-O 8. dxc5 Nbd7 9. Nb5 Qh5 10. b4 Nd5 11. Bd2 a5 12. a3 e5 13. Bc4 e4 14.
Nfd4 Qg6 15. Bxd5 Qxg2 16. Rf1 Nf6 17. Bc4 Bg4 18. Qc2 axb4 19. cxb4 Rfd8 20. Be3 Nd5 21. Bxd5 Rxd5 22. Nc3 Rxd4 23. Bxd4 f5 24. Be3 Rd8 25.
Ne2 f4 26. Nxf4 Qxh2 27. Qc4+ Kh8 28. Qxe4 Bf6 29. Ne6 Bc3+ 30. Bd2 Bxd2# 0-1

[Event "*** Titled Tuesday Blitz"]
[Site "Chess.com"]
[Date "2020.05.26"]
[Round "4"]
[White "AsselLesbekova"]
[Black "druskacik"]
[Result "0-1"]
[WhiteElo "2279"]
[BlackElo "2579"]
[TimeControl "180+1"]
[EndTime "10:38:26 PDT"]
[Termination "druskacik won by resignation"]

1. e4 c5 2. Nf3 Nc6 3. Bb5 g6 4. O-O Bg7 5. Re1 e5 6. c3 Nge7 7. d3 O-O 8. Be3 d6 9. d4 exd4 10.
cxd4 Bg4 11. dxc5 dxc5 12. Nc3 Nd4 13. Be2 Bxf3 14. Bxf3 Nec6 15. Rb1 Nxf3+ 16. Qxf3 Nd4 17. Bxd4 Bxd4 18. Nd5 Re8 19. h3 Rc8 20. b3 Qa5 21. Nf6+ Bxf6 22. Qxf6 Qxa2 23. e5 Re6 24. Qf3 b6 25. Ra1 Qb2 26. Rxa7 Rf8 27. Qe3 Rfe8 28. f4 f6 29. Re2 Qb1+ 30. Kh2 Qf5 31. g4 Qb1 32. Re1 Qc2+ 33. Re2 Qd1 34. Re1 Qd5 35. exf6 Rxe3 36. f7+ Qxf7 37. Rxf7 Kxf7 0-1

[Event "*** Titled Tuesday Blitz"]
[Site "Chess.com"]
[Date "2020.05.26"]
[Round "4"]
[White "AttilaTurzo"]
[Black "anon569"]
[Result "0-1"]
[WhiteElo "2455"]
[BlackElo "2277"]
[TimeControl "180+1"]
[EndTime "10:38:27 PDT"]
[Termination "anon569 won on time"]

1. e4 c5 2. Nf3 d6 3. d4 cxd4 4. Nxd4 Nf6 5. Nc3 a6 6. Bg5 Nbd7 7. f4 Qc7 8. Qf3 g6 9. O-O-O Bg7 10. Kb1 b5 11.
Nd5 Nxd5 12. exd5 Bb7 13. Nc6 Nf6 14. Re1 e6 15. Qc3 Nh5 16. Qb3 Bxc6 17. dxc6 h6 18. Bh4 Nxf4 19. Bg3 Nh5 20. Bd3 O-O 21. Bf2 Qxc6 22.
Be4 d5 23. Bf3 Nf6 24. Bd4 Qc4 25. Qe3 Ne8 26. Bxg7 Kxg7 27. h4 Rc8 28. Qd2 Nd6 29. g4 Qc5 30. g5 h5 31. Qe2 Nc4 32. Rhf1 e5 0-1

[Event "*** Titled Tuesday Blitz"]
[Site "Chess.com"]
[Date "2020.05.26"]
[Round "4"]
[White "IAgrest"]
[Black "Nafania1"]
[Result "0-1"]
[WhiteElo "2269"]
[BlackElo "2445"]
[TimeControl "180+1"]
[EndTime "10:38:27 PDT"]
[Termination "Nafania1 won on time"]

1. e4 e6 2. d4 d5 3. Nc3 h6 4. Nf3 Nf6 5. Bd3 Bb4 6. e5 Ne4 7. O-O Nxc3 8. bxc3 Bxc3 9. Rb1 Nc6 10. Bb5 Bd7 11.
Qd3 Ba5 12. Ba3 a6 13. Ba4 b5 14. Bb3 b4 15. Bc1 Ne7 16. Rd1 Bb5 17. Qd2 O-O 18.
a3 Nc6 19. a4 Bc4 20. Qf4 f5 21. Qg3 Kh7 22. Nh4 Qe8 23. h3 g5 24. Nf3 Bxb3 25.
Rxb3 Qg6 26. h4 f4 27. Qh2 g4 28. h5 Qf5 29. Nh4 Qxc2 30. Rbd3 b3 31. Bxf4 b2 0-1

[Event "*** Titled Tuesday Blitz"]
[Site "Chess.com"]
[Date "2020.05.26"]
[Round "4"]
[White "Bigfish1995"]
[Black "Sippp"]
[Result "1-0"]
[WhiteElo "3025"]
[BlackElo "2682"]
[TimeControl "180+1"]
[EndTime "10:38:28 PDT"]
[Termination "Bigfish1995 won by checkmate"]

1. d4 Nf6 2. Bg5 Ne4 3. Bf4 c5 4. f3 Qa5+ 5. c3 Nf6 6. d5 d6 7. e4 g6 8. a4 Nbd7 9. Na3 Bg7 10. Bd3 O-O 11. Ne2 a6 12. Nc4 Qc7 13. a5 b5 14.
axb6 Nxb6 15. Na5 e5 16. Be3 Bd7 17. O-O c4 18. Bc2 Bb5 19. Kh1 Nfd7 20. g4 Nc5 21. Ng3 Nba4 22. Bxa4 Qxa5 23. Bxc5 dxc5 24. Rf2 Bh6 25.
Bxb5 Qxb5 26. Qa4 Kg7 27. Kg2 Rfb8 28. Re2 Bf4 29. Nf1 Rh8 30. h4 h5 31. gxh5 gxh5 32.
Kf2 Kf6 33. Ne3 Bxe3+ 34. Kxe3 Rhg8 35. Rd2 Ke7 36. d6+ Kd7 37. Rd5 f6 38. Rxc5 Qxa4 39. Rxa4 Rgb8 40. Raxc4 Rb6 41. Rc7+ Kxd6 42. b4 Rg8 43. R4c5 Rg2 44. Rh7 Ke6 45. Rcc7 a5 46. bxa5 Rbb2 47. Rc6# 1-0

[Event "*** Titled Tuesday Blitz"]
[Site "Chess.com"]
[Date "2020.05.26"]
[Round "4"]
[White "GelmanAlexander"]
[Black "vidavi"]
[Result "1-0"]
[WhiteElo "2558"]
[BlackElo "2310"]
[TimeControl "180+1"]
[EndTime "10:38:28 PDT"]
[Termination "GelmanAlexander won by resignation"]

1. c4 Nf6 2. Nf3 e6 3. d3 Be7 4. Nbd2 O-O 5. b3 d5 6. Bb2 b6 7.
e3 Bb7 8. Rg1 c5 9. g4 Nc6 10. g5 Nd7 11. h4 d4 12. a3 e5 13.
Qe2 Qc7 14. h5 Rae8 15. O-O-O a5 16. Bh3 Kh8 17. Ne4 f5 18. gxf6 Nxf6 19. Neg5 Nd8 20. Nh4 Bc8 21. Bxc8 Qxc8 22. Rg2 Nf7 23. Nxf7+ Rxf7 24.
Ng6+ Kg8 25. Nxe5 Bd6 26. Nxf7 Kxf7 27. Rdg1 Bf8 28. Qf3 Qd7 29. exd4 cxd4 30. Kb1 b5 31. Rg5 bxc4 32. dxc4 a4 33. b4 d3 34. h6 d2 35.
Rxg7+ 1-0

[Event "*** Titled Tuesday Blitz"]
[Site "Chess.com"]
[Date "2020.05.26"]
[Round "4"]
[White "Indianlad"]
[Black "chito89"]
[Result "0-1"]
[WhiteElo "2974"]
[BlackElo "2751"]
[TimeControl "180+1"]
[EndTime "10:38:29 PDT"]
[Termination "chito89 won by resignation"]

1. Nf3 Nf6 2. c4 e6 3. Nc3 Bb4 4. Qc2 O-O 5. a3 Bxc3 6. Qxc3 d6 7. e3 e5 8. d3 Qe7 9. b4 Bg4 10. Bb2 a5 11. b5 Nbd7 12. h3 Bxf3 13. gxf3 Nc5 14. a4 c6 15. Rg1 cxb5 16. axb5 b6 17. f4 Nfd7 18. Bg2 Rac8 19. Bc6 f6 20. f5 Rxc6 21.
bxc6 Nb8 22. Ba3 Nxc6 23. Bxc5 dxc5 24. Ke2 Nd4+ 25. Kf1 Nxf5 26. Rb1 Qd6 27. Qb3 Rd8 28. Ke2 Ne7 29. Rgd1 Rb8 30. Qb5 Nc6 31. Qa6 Nb4 32. Qa7 Rd8 33. Qb7 Qe6 34. Rg1 Rd7 35. Qc8+ Kf7 36.
Rg3 e4 37. dxe4 Rd2+ 0-1

[Event "*** Titled Tuesday Blitz"]
[Site "Chess.com"]
[Date "2020.05.26"]
[Round "4"]
[White "davidkalashian"]
[Black "Quaternitychess"]
[Result "0-1"]
[WhiteElo "2615"]
[BlackElo "2799"]
[TimeControl "180+1"]
[EndTime "10:38:29 PDT"]
[Termination "Quaternitychess won by resignation"]

1. e4 d6 2. d4 Nf6 3. Nc3 Nbd7 4. Nf3 e5 5. Bc4 Be7 6. O-O O-O 7. Re1 c6 8. a4 a5 9. h3 Nb6 10. Bf1 exd4 11. Nxd4 d5 12. e5 Ne8 13. Qf3 g6 14. Bh6 Ng7 15. Rad1 Bg5 16. Bxg7 Kxg7 17. g3 Kg8 18. Qe2 Bh6 19. f4 Bg7 20. Qf2 Re8 21. g4 Nd7 22. e6 Bxd4 23. exf7+ Kxf7 24. Qxd4 Rxe1 25. Rxe1 Qb6 26. Qxb6 Nxb6 27. b3 Bd7 28. Kf2 Nc8 29. Bd3 Nd6 30. Ne2 Re8 31. Nd4 Rxe1 32. Kxe1 c5 33. Nf3 Kf6 34. Kf2 d4 35. Ng5 h5 36. Kg3 hxg4 37. hxg4 Bc6 38. Nh7+ Kg7 39. Ng5 Bd5 40. Nf3 Kf6 41. Ne5 Ne4+ 42. Bxe4 Bxe4 43. Nd7+ Ke7 44. Nxc5 Bxc2 45. Kf3 b6 46. Nd3 Bxd3 0-1

[Event "*** Titled Tuesday Blitz"]
[Site "Chess.com"]
[Date "2020.05.26"]
[Round "4"]
[White "AnishGiri"]
[Black "stolencandy13"]
[Result "1-0"]
[WhiteElo "2968"]
[BlackElo "2561"]
[TimeControl "180+1"]
[EndTime "10:38:29 PDT"]
[Termination "AnishGiri won by resignation"]

1. e4 c6 2. d4 d5 3. Nc3 dxe4 4. Nxe4 Bf5 5. Ng3 Bg6 6. h4 h6 7. Nf3 Nd7 8. h5 Bh7 9. Bd3 Bxd3 10. Qxd3 e6 11.
Bd2 Ngf6 12. O-O-O Be7 13. Kb1 Qb6 14. Qe2 c5 15.
Bc1 Rc8 16. d5 O-O 17. dxe6 fxe6 18. Rhe1 Rc6 19. c4 Qa6 20. Nh4 Re8 21. Ng6 Nf8 22. Ne4 Nxg6 23. hxg6 Nxe4 24. Qxe4 Bf6 25. Rd7 b5 26. Rxa7 Qb6 27. Ra3 bxc4 28. Qxc4 Qc7 29. Rae3 Qd7 30. f4 Bd4 31. R3e2 Rb6 32. f5 Reb8 33. Rxe6 Kf8 34. Rxb6 Qxf5+ 35. Ka1 Rxb6 36. Rf1 Bf2 37. Be3 Re6 38. Rxf2 1-0